 Dungeon Crawl Stone Soup version 0.25-a0-663-gace7076f2c (webtiles) character file.

Game seed: 9100485377572667993, levelgen mode: deterministic

40 kae the Ruffian (level 3, 0/28 HPs)
             Began as a Draconian Transmuter on Mar 24, 2020.
             Slain by an adder (2 damage)
             ... on level 2 of the Dungeon.
             The game lasted 00:01:00 (1297 turns).

kae the Ruffian (Draconian Transmuter)              Turns: 1297, Time: 00:01:01

Health: 0/28       AC:  5    Str: 12    XL:     3   Next: 30%
Magic:  5/6        EV: 12    Int: 14    God:
Gold:   38         SH:  0    Dex: 11    Spells: 5/6 levels left

rFire    . . .     SeeInvis .     - Unarmed
rCold    . . .     Gourm    .   (no shield)
rNeg     . . .     Faith    .   (armour unavailable)
rPois    .         Spirit   .   (helmet restricted)
rElec    .         Reflect  .   (no cloak)
rCorr    .         Harm     .   (no gloves)
MR       .....                  (no boots)
Stlth    +.........             (no amulet)
HPRegen  0.09/turn              (no ring)
MPRegen  0.10/turn              (no ring)

@: lethally poisoned (0 -> -4), appendage (expiring), very slightly contaminated
A: unfitting armour, horns 2, cold-blooded, AC +5
a: End Transformation


You were on level 2 of the Dungeon.
You were not hungry.
You had grown temporary horns.
You visited 1 branch of the dungeon, and saw 2 of its levels.

You collected 38 gold pieces.

Inventory:

Missiles
 a - 33 arrows
Potions
 d - a potion of magic {unknown}
Comestibles
 c - 2 rations


   Skills:
 - Level 1.1 Fighting
 - Level 1.7 Dodging
 * Level 3.8 Unarmed Combat
 + Level 2.4 Spellcasting
 + Level 2.4 Transmutations


You had 5 spell levels left.
You knew the following spells:

 Your Spells              Type           Power        Failure   Level  Hunger
a - Beastly Appendage     Tmut           #.....       9%          1    #......

Your spell library contained the following spells:

 Spells                   Type           Power        Failure   Level  Hunger
 Sticks to Snakes         Tmut           #.......     12%         2    ###....
 Spider Form              Tmut/Pois      #.........   38%         3    ###....
 Ice Form                 Ice/Tmut       #.......     80%         4    #####..
 Blade Hands              Tmut           #.........   92%         5    ######.


Dungeon Overview and Level Annotations

Branches:
Dungeon (2/15)

Altars:

Annotations:
D:2 Robin


Innate Abilities, Weirdness & Mutations

Your plain brown scales are hard. (AC +5)
You cannot fit into any form of body armour.
You are cold-blooded and may be slowed by cold attacks.
You have a pair of horns on your head.


Message History

You miss the adder.
The adder bites you but does no damage. x2
You hit the adder.
Your tail-slap misses the adder.
The adder is lightly wounded.
You feel sick. The adder bites you but does no damage.
You closely miss the adder.
The adder is lightly wounded.
Your transformation is almost over.
The adder closely misses you.
You hit the adder. Your headbutt misses the adder.
The adder is moderately wounded.
You feel sick. The adder bites you.
* * * LOW HITPOINT WARNING * * *
You miss the adder.
Your tail-slap misses the adder.
The adder is moderately wounded.
The adder barely misses you. The adder closely misses you.
You barely miss the adder.
The adder is moderately wounded.
* * * LOW HITPOINT WARNING * * *
You feel sick. The adder bites you.
You die...

##########
######.S.......
.......@..#
.##..####.....#
... ###.. .


You could see an adder.

Vanquished Creatures
  A worm (D:2)
  A leopard gecko (D:1)
  2 giant cockroaches (D:1)
  6 goblins
  5 hobgoblins
  8 jackals (D:1)
  2 bats
  2 kobolds (D:1)
  2 rats
29 creatures vanquished.

Notes
Turn   | Place    | Note
-------+----------+-------------------------------------------
     0 | D:1      | kae the Draconian Transmuter began the quest for the Orb.
     0 | D:1      | Reached XP level 1. HP: 16/16 MP: 3/3
    75 | D:1      | Reached XP level 2. HP: 19/23 MP: 5/5
  1032 | D:2      | Reached XP level 3. HP: 24/28 MP: 6/6
  1278 | D:2      | Noticed Robin
  1297 | D:2      | Slain by an adder

Levels and vault maps discovered:
D:1:      minmay_arrival_four_circles, layout_loops_corners,
          minmay_tiny_reverse_x
D:2:      layout_rooms, marbit_many_paths, minmay_misc_feat_five,
          small_statue_intersection, kennysheep_boxes, uniq_robin

Action                   || total
-------------------------++-------
Melee: Unarmed           ||   110
       Headbutt          ||     4
       Tailslap          ||     7
       Kick              ||     4
 Cast: Beastly Appendage ||    13
  Use: Scroll            ||     2
 Stab: Distracted        ||     1
  Eat: Chunk             ||     2
Armor: Skin              ||    42
Dodge: Dodged            ||    75

Table legend:
 A = Non-vault XP
 B = Vault XP
 C = Vault XP percentage of total XP
 D = Non-vault monster count
 E = Vault monster count
 F = Vault count percentage of total count
                 A         B        C        D         E       F
            +---------+---------+-------+---------+---------+-------
      Total |      51 |       7 |  12.1 |      25 |       4 |  13.8
            +---------+---------+-------+---------+---------+-------
        D:1 |      33 |       3 |   8.3 |      17 |       2 |  10.5
        D:2 |      18 |       4 |  18.2 |       8 |       2 |  20.0
            +---------+---------+-------+---------+---------+-------
